 Dungeon Crawl Stone Soup version 0.31.0-12-g77e489cdc1 (webtiles) character file.

Game seed: 10682531946259060752

5535 FiligreeFortune the Demonspawn-At-Arms (level 10, -3/79 HPs)
             Began as a Demonspawn Gladiator on Mar 5, 2024.
             Was a Believer of Okawaru.
             Slain by Amaemon
             ... wielding a -1 demon whip of venom
              (10 damage)
             ... on level 9 of the Dungeon.
             The game lasted 00:14:39 (8531 turns).

FiligreeFortune the Demonspawn-At-Arms (DsGl)       Turns: 8531, Time: 00:14:39

Health: -3/79      AC: 10    Str: 20    XL:     10   Next: 43%
Magic:  15/15      EV: 20    Int:  8    God:    Okawaru [**....]
Gold:   557        SH:  0    Dex: 20    Spells: 9/9 levels left

rFire   . . .        a - +0 trident
rCold   . . .        (no shield)
rNeg    . . .        M - +0 acid dragon scales
rPois   +            (helmet unavailable)
rElec   .            I - +0 cloak
rCorr   +            (no gloves)
SInv    +            (no boots)
Will    .....        (no amulet)
Stlth   +++          P - ring of poison resistance
HPRegen 0.33/turn    D - +6 ring of dexterity
MPRegen 0.14/turn

%: no passive effects
@: heroic, marked
A: antennae 3, hooves 1, spiny 2, demonic touch 1
a: Renounce Religion, Heroism


You were on level 9 of the Dungeon.
You worshipped Okawaru.
Okawaru was pleased with you.
You visited 2 branches of the dungeon, and saw 10 of its levels.
You also visited: Sewer.

You collected 557 gold pieces.


Innate Abilities, Weirdness & Mutations

You have a pair of large antennae on your head. (SInv)
You have large cloven feet.
You are mostly covered in sharp spines.
Your touch may inflict minor irresistible damage on your foes.


   Skills:
 - Level 7.0(12.0) Fighting
 - Level 7.0(12.0) Polearms
 - Level 1.7(6.7) Throwing
 - Level 7.0(12.0) Armour
 - Level 7.0(12.0) Dodging
 + Level 3.1(8.1) Shields
 - Level 7.0 Invocations


You had 9 spell levels left.
You didn't know any spells.
Your spell library contained the following spells:

 Spells                   Type           Power      Damage    Failure   Level
 Kiss of Death            Conj/Necr      0%         2d5       45%         1
 Necrotise                Necr           0%         1d4       45%         1
 Cigotuvi's Dreadful Rot  Necr/Alch/Air  0%         N/A       61%         2
 Lesser Beckoning         Tloc           0%         N/A       61%         2
 Sublimation of Blood     Necr           0%         N/A       61%         2
 Gell's Gravitas          Tloc           0%         N/A       83%         3
 Teleport Other           Tloc           0%         N/A       83%         3
 Dispel Undead            Necr           0%         3d6       99%         4
 Petrify                  Alch/Erth      0%         N/A       99%         4
 Irradiate                Conj/Alch      0%         3d11      100%        5
 Martyr's Knell           Necr/Summ      Unusable   N/A       N/A         4
 Death Channel            Necr           Unusable   N/A       N/A         6

Inventory:

Hand Weapons
 a - a +0 trident (weapon)
 L - a +2 glaive of freezing
Missiles
 d - a throwing net (quivered) {=f}
 e - 11 javelins
Armour
 b - a +0 leather armour
 c - a +0 helmet
 y - a +0 chain mail
 G - a scarf of shadows
 I - a +0 cloak (worn)
 M - +0 acid dragon scales (worn)
 O - a +0 kite shield
Jewellery
 D - a +6 ring of dexterity (right hand)
 F - a ring of fire
 N - a ring of positive energy
 P - a ring of poison resistance (left hand)
 R - a ring of resist corrosion
Wands
 J - a wand of flame (4)
 K - a wand of roots (16)
Scrolls
 f - 2 scrolls of fog {unknown}
 k - a scroll of silence {unknown}
 p - 2 scrolls of enchant armour {unknown}
 r - 5 scrolls of teleportation {unknown}
 t - 2 scrolls of revelation {unknown}
 u - 3 scrolls of blinking {unknown}
 v - 7 scrolls of identify {unknown}
 w - 4 scrolls of immolation {unknown}
 x - 6 scrolls of summoning {unknown}
 A - 2 scrolls of noise {unknown}
 C - 2 scrolls of enchant weapon {unknown}
 E - 2 scrolls of poison {unknown}
Potions
 g - 2 potions of might {unknown}
 h - 3 potions of brilliance {unknown}
 i - 4 potions of lignification {unknown}
 j - a potion of mutation {unknown}
 l - a potion of magic {unknown}
 m - 4 potions of heal wounds {unknown}
 n - a potion of attraction {unknown}
 o - a potion of invisibility {unknown}
 q - a potion of berserk rage {unknown}
 s - a potion of resistance {unknown}
 z - 2 potions of haste {unknown}
 B - 2 potions of curing {@q1}
 H - a potion of cancellation {unknown}

Dungeon Overview and Level Annotations

Branches:
Dungeon (9/15)             Temple (1/1) D:6           Sewer (visited)
   Lair: D:8-11         Orc: D:9-12

Altars:
Ashenzari
Cheibriados
Dithmenos
Fedhas
Gozag
Hepliaklqana
Kikubaaqudgha
Makhleb
Nemelex Xobeh
Okawaru
Qazlal
Ru
Sif Muna
Trog
Vehumet
Wu Jian
Xom

Shops:
D:1 [   D:9 (

Annotations:
D:3 2 transporters
D:5 4 runed translucent doors, Crazy Yiuf; monsoonserge's ghost, weakling OpDe
D:9 Amaemon; Jeremiah

#.#............
#.#...........#
#####.##..........#
##..{..###.........#
▒ #{{#####
####......# ▒. #b##
..#....# ⌠~..~..
▒..##b### ##.##....#
~⌠.6... #..oo6b###
##...# ~..~..~
####{#@s.###..#
..~..~~
#.{{###.bb..##
.!~.{~. ##.###
###F###
...~~{.▒▒##..# ###
......{▒.6..##
.....!.).####
.........#
##########


You could see Amaemon, Jeremiah, a scorpion (summoned), an orc priest and an
orc.


Message History

Amaemon is struck by your spines. Amaemon closely misses you.
Amaemon claws you but does no damage. Amaemon misses you.
Unknown command.
You puncture Amaemon!
Amaemon is heavily wounded.
Jeremiah barely misses you.
Amaemon casts a spell.
The orc priest invokes the aid of Beogh against you.
Beogh smites you!
* * * LOW HITPOINT WARNING * * *
You hit Amaemon but do no damage. You kick Amaemon.
Amaemon is heavily wounded.
Jeremiah yawns.
Jeremiah hops!
Unknown command.
You puncture Amaemon!
Amaemon is heavily wounded.
The scorpion is struck by your spines. The scorpion misses you.
The orc priest calls down the wrath of Beogh upon you.
Beogh smites you!
* * * LOW HITPOINT WARNING * * *
Amaemon is struck by your spines. Amaemon barely misses you.
Amaemon claws you but does no damage.
Amaemon tail-slaps you but does no damage.
You hit Amaemon. Your kick misses Amaemon.
You touch Amaemon.
You punch Amaemon!
Amaemon is almost dead.
The scorpion misses you.
Amaemon hits you with a -1 demon whip of venom!
You die...

Skill      XL: |  1  2  3  4  5  6  7  8  9 10 |
---------------+-------------------------------+-----
Fighting       | 3 4 5 6 7 |  7.0
Polearms       | 3 4 5 6 7 |  7.0
Armour         | 2 4 6 7 |  7.0
Invocations    | 7 |  7.0
Dodging        | 5 7 |  7.0
Shields        | 3 |  3.1
Throwing       | |  1.7

Action                     |  1- 3 |  4- 6 |  7- 9 | 10-12 || total
---------------------------+-------+-------+-------+-------++-------
  Melee: Trident           |    94 |    66 |   239 |    81 ||   480
         Kick              |    13 |    14 |    54 |    16 ||    97
         Touch             |     6 |     8 |    34 |    13 ||    61
         Punch             |       |       |     3 |     2 ||     5
         Unarmed           |       |       |    11 |       ||    11
  Throw: Javelin           |       |       |     2 |       ||     2
         Throwing net      |       |       |     2 |       ||     2
 Invoke: Heroism           |       |       |     3 |     3 ||     6
  Evoke: Wand              |       |       |     1 |     4 ||     5
    Use: Potion            |       |       |     1 |       ||     1
   Stab: Sleeping          |     3 |       |     1 |     1 ||     5
         Distracted        |       |     1 |       |       ||     1
         Held in net/web   |       |       |     3 |       ||     3
 Armour: Leather armour    |    19 |     3 |       |       ||    22
         Chain mail        |       |    16 |    98 |       ||   114
         Skin              |       |       |     8 |       ||     8
         Acid dragon scale |       |       |    27 |    41 ||    68
  Dodge: Dodged            |    54 |    22 |    68 |    67 ||   211

Levels and vault maps discovered:
D:1:      psy_arrival_radial01, layout_basic, serial_shops,
          nicolae_shop_peninsula, kennysheep_nondescript
D:2:      layout_rooms, dreamdust_wishing_well
D:3:      gammafunk_wand_slinger, layout_loops_corners, minmay_misc_feat_rugged,
          kennysheep_jessica_study
D:4:      layout_loops_ring, nicolae_wu_jian_wuxing_cycle
D:5:      layout_basic, mainiacjoe_overflow_24_doors, kennysheep_slug_shrine,
          hangedman_ru_absence, portal_sewer_entry_e, ebering_ghost_rock_garden,
          uniq_crazy_yiuf_cottage
D:6:      layout_loops_ring, lemuel_crystal_altar, minmay_temple_entry_arrows
D:7:      layout_loops_ring, corner_web_ring, kennysheep_cross_room
D:8:      layout_gridville, nicolae_dithmenos_through_a_glass_darkly,
          mainiacjoe_overflow_tiny_flanked, uniq_maggie, uniq_grum,
          uniq_maurice, uniq_psyche
D:9:      cheibrodos_helix_gallery, layout_rooms, lemuel_doored_altar,
          serial_shops, nicolae_shop_gibbet_a_chance, uniq_jeremiah,
          uniq_amaemon, uniq_harold
Temple:   compressed_dpeg_triangle_lava_temple

Notes
Turn   | Place    | Note
-------+----------+-------------------------------------------
     0 | D:1      | FiligreeFortune the Demonspawn Gladiator began the quest
                  | for the Orb.
     0 | D:1      | Reached XP level 1. HP: 16/16 MP: 1/1
    32 | D:1      | Found Assyiwk Adwu's Armour Emporium.
   264 | D:1      | You feel monstrous as your demonic heritage exerts itself.
   264 | D:1      | Discovered your monstrous ancestry.
   264 | D:1      | Gained mutation: You have large cloven feet. [demonic
                  | ancestry]
   264 | D:1      | Reached XP level 2. HP: 23/23 MP: 2/2
   408 | D:1      | Reached skill level 3 in Fighting
   710 | D:2      | Reached skill level 3 in Polearms
   793 | D:2      | Gained mutation: Your touch may inflict minor irresistible
                  | damage on your foes. [demonic ancestry]
   793 | D:2      | Reached XP level 3. HP: 29/29 MP: 3/3
  1150 | D:3      | Reached skill level 4 in Polearms
  1150 | D:3      | Reached XP level 4. HP: 35/35 MP: 4/4
  1313 | D:3      | Found a transporter.
  1410 | D:3      | Found a transporter.
  1802 | D:3      | Noticed Jessica
  1806 | D:3      | Killed Jessica
  1808 | D:3      | Gained mutation: You are partially covered in sharp spines.
                  | [demonic ancestry]
  1808 | D:3      | Reached XP level 5. HP: 40/41 MP: 5/5
  1818 | D:3      | Got Jessica's Handbook of Black Acts
  1981 | D:4      | Found an ornate altar of the Wu Jian Council.
  2146 | D:4      | Reached skill level 5 in Polearms
  2163 | D:4      | Noticed an ogre
  2166 | D:4      | Killed an ogre
  2167 | D:4      | Reached skill level 2 in Armour
  2184 | D:4      | Gained mutation: You are mostly covered in sharp spines.
                  | [demonic ancestry]
  2184 | D:4      | Reached XP level 6. HP: 41/47 MP: 6/6
  2557 | D:5      | Entered Level 5 of the Dungeon
  2569 | D:5      | Reached skill level 3 in Armour
  2578 | D:5      | Reached skill level 4 in Armour
  2798 | D:5      | Reached skill level 4 in Fighting
  2798 | D:5      | Reached XP level 7. HP: 54/54 MP: 7/7
  2826 | D:5      | Found a sacrificial altar of Ru.
  2929 | D:5      | Reached skill level 5 in Fighting
  3041 | D:5      | Found a glowing drain.
  3048 | Sewer    | Entered a sewer
  3590 | D:5      | Found a runed translucent gate.
  3590 | D:5      | Found a runed translucent gate.
  3590 | D:5      | Found a runed translucent gate.
  3590 | D:5      | Noticed monsoonserge's ghost (weakling OpDe)
  3638 | D:5      | Found a runed translucent door.
  3639 | D:5      | Noticed Crazy Yiuf
  3803 | D:5      | Found a snail-covered altar of Cheibriados.
  3816 | D:5      | Gained mutation: You have a pair of small antennae on your
                  | head. [demonic ancestry]
  3816 | D:5      | Reached XP level 8. HP: 34/62 MP: 8/8
  4039 | D:5      | Found a bloodstained altar of Trog.
  4444 | D:6      | Reached skill level 6 in Fighting
  4444 | D:6      | Reached skill level 5 in Armour
  4488 | D:6      | Found a radiant altar of Vehumet.
  4603 | D:6      | Reached skill level 6 in Polearms
  4607 | D:6      | Found a staircase to the Ecumenical Temple.
  4627 | Temple   | Entered the Ecumenical Temple
  4643 | Temple   | Became a worshipper of Warmaster Okawaru
  4710 | D:6      | Reached skill level 1 in Invocations
  4794 | D:6      | Reached skill level 2 in Invocations
  4882 | D:6      | Reached skill level 6 in Armour
  4882 | D:6      | Reached skill level 3 in Invocations
  5249 | D:7      | Reached skill level 4 in Invocations
  5356 | D:7      | Reached skill level 5 in Invocations
  5508 | D:7      | Reached skill level 6 in Invocations
  5916 | D:8      | Noticed Psyche
  5931 | D:8      | Killed Psyche
  5931 | D:8      | Reached * piety under Okawaru
  5932 | D:8      | Reached skill level 7 in Invocations
  5932 | D:8      | Gained mutation: You have a pair of antennae on your head.
                  | [demonic ancestry]
  5932 | D:8      | Reached XP level 9. HP: 52/69 MP: 12/14
  6039 | D:8      | Found a shadowy altar of Dithmenos.
  6044 | D:8      | Identified the +1 spear "Wuck" {flame, Int+6}
  6105 | D:8      | You fall into a shaft and drop 1 floor!
  6110 | D:9      | Found Wysaorch's Weapon Shop.
  6131 | D:8      | Noticed Maurice
  6139 | D:8      | Maurice stole 11 javelins
  6143 | D:8      | Killed Maurice
  6435 | D:8      | Noticed Maggie
  6460 | D:8      | Killed Maggie
  6705 | D:8      | Reached skill level 7 in Fighting
  6720 | D:8      | Noticed Grum
  6725 | D:8      | Reached skill level 3 in Dodging
  6758 | D:8      | Reached skill level 7 in Polearms
  6758 | D:8      | Reached skill level 7 in Armour
  7036 | D:8      | Killed Grum
  7036 | D:8      | Reached ** piety under Okawaru
  7037 | D:8      | Reached skill level 4 in Dodging
  7357 | D:8      | Reached skill level 5 in Dodging
  7362 | D:8      | Gained mutation: You have a pair of large antennae on your
                  | head. (SInv) [demonic ancestry]
  7362 | D:8      | Reached XP level 10. HP: 36/79 MP: 13/15
  7703 | D:8      | Reached skill level 6 in Dodging
  8039 | D:9      | Reached skill level 1 in Shields
  8493 | D:9      | Noticed Harold
  8496 | D:9      | Noticed Amaemon
  8521 | D:9      | Killed Harold
  8522 | D:9      | Reached skill level 7 in Dodging
  8522 | D:9      | Reached skill level 3 in Shields
  8523 | D:9      | Noticed Jeremiah
  8530 | D:9      | HP: 7/79 [orc priest/divine providence (10)]
  8531 | D:9      | Slain by Amaemon

Vanquished Creatures
  Harold (D:9)
  Maurice (D:8)
  Maggie (D:8)
  Psyche (D:8)
  6 yaks (D:8)
  Grum (D:8)
  A steam dragon (D:8)
  A water moccasin (D:7)
  An ice beast (D:6)
  A sky beast (D:6)
  A black bear (D:6)
  2 ogres
  3 wolves (D:8)
  A centaur (D:9)
  A gnoll sergeant (D:9)
  2 brain worms (Sewer)
  3 scorpions
  6 bullfrogs
  9 wights
  A killer bee (D:9)
  2 electric eels (D:9)
  3 howler monkeys (D:7)
  A bombardier beetle (D:3)
  An orc priest (D:9)
  2 jellies
  A sleepcap (D:5)
  Jessica (D:3)
  4 iguanas
  3 orc wizards
  4 gnolls (D:9)
  10 adders
  4 river rats
  A shadow imp (D:6)
  A white imp (D:8)
  2 ufetubi (D:5)
  A dart slug (D:5)
  3 ribbon worms
  16 orcs
  10 ball pythons
  3 bats
  5 endoplasms
  A giant cockroach (D:1)
  3 goblins (D:4)
  5 hobgoblins
  6 kobolds
  8 quokkas
  9 frilled lizards
  12 rats
166 creatures vanquished.

Vanquished Creatures (others)
  2 orcs (D:8)
2 creatures vanquished.

Grand Total: 168 creatures vanquished

Table legend: (Time is in decaauts)
 A = Elapsed time spent in this place.
 B = Non-inter-level travel time spent in this place.
 C = Inter-level travel time spent in this place.
 D = Time resting spent in this place.
 E = Time spent auto-exploring this place.
 F = Levels seen in this place.
 G = Mean time per level.
                   A        B        C        D        E       F      G
               +--------+--------+--------+--------+--------+-----+--------+
         Total |   8563 |   8268 |    295 |   1662 |   5338 |  11 |  778.5 |
       Dungeon |   8125 |   7862 |    263 |   1650 |   5075 |   9 |  902.8 |
        Temple |     32 |      1 |     31 |      0 |      0 |   1 |   32.0 |
         Sewer |    404 |    404 |      0 |     12 |    263 |   1 |  404.0 |
               +--------+--------+--------+--------+--------+-----+--------+

Top non-repeatable levels by time:
     D:8: 1402 daAuts
     D:5: 1270 daAuts
     D:7: 1236 daAuts
     D:4: 849 daAuts
     D:3: 844 daAuts
     D:9: 755 daAuts
     D:6: 677 daAuts
     D:1: 670 daAuts
     D:2: 417 daAuts
   Sewer: 404 daAuts
  Temple: 32 daAuts

Table legend:
 A = Non-vault XP
 B = Vault XP
 C = Vault XP percentage of total XP
 D = Non-vault monster count
 E = Vault monster count
 F = Vault count percentage of total count
                 A         B        C        D         E       F
            +---------+---------+-------+---------+---------+-------
      Total |    4827 |    3081 |  39.0 |     128 |      39 |  23.4
            +---------+---------+-------+---------+---------+-------
        D:1 |      21 |       0 |   0.0 |      13 |       0 |   0.0
        D:2 |      65 |       0 |   0.0 |      18 |       0 |   0.0
        D:3 |      71 |      39 |  35.5 |      12 |       2 |  14.3
        D:4 |     196 |       0 |   0.0 |      13 |       0 |   0.0
        D:5 |     876 |      65 |   6.9 |      23 |       9 |  28.1
        D:6 |     669 |       0 |   0.0 |       9 |       0 |   0.0
        D:7 |     477 |       0 |   0.0 |       6 |       0 |   0.0
        D:8 |    1958 |    1747 |  47.2 |      23 |       7 |  23.3
        D:9 |     494 |     991 |  66.7 |      11 |       3 |  21.4
      Sewer |       0 |     239 | 100.0 |       0 |      18 | 100.0
            +---------+---------+-------+---------+---------+-------
